 Dungeon Crawl Stone Soup version 0.22-a0-40-g3d2f077 (webtiles) character file.

16 mopl the Poker (level 2, -4/22 HPs)
             Began as a Merfolk Warper on Jan 4, 2018.
             Slain by a hound (6 damage)
             ... on level 4 of the Dungeon.
             The game lasted 00:01:00 (144 turns).

mopl the Poker (Merfolk Warper)                      Turns: 144, Time: 00:01:01

Health: -4/22      AC:  3    Str: 11    XL:     2   Next: 58%
Magic:  5/5        EV: 12    Int: 12    God:
Gold:   0          SH:  0    Dex: 13    Spells: 5/5 levels left

rFire    . . .     SeeInvis .   a - +0 spear
rCold    . . .     Gourm    .   (no shield)
rNeg     . . .     Faith    .   b - +0 leather armour
rPois    .         Spirit   .   (no helmet)
rElec    .         Reflect  .   (no cloak)
rCorr    .         Harm     .   (no gloves)
MR       .....                  (no boots)
Stlth    +.........             (no amulet)
HPRegen  0.07/turn              (no ring)
MPRegen  0.09/turn              (no ring)

@: no status effects
A: change form in water, swift swim, stealthy swim
a: no special abilities


You were on level 4 of the Dungeon.
You were not hungry.

You visited 1 branch of the dungeon, and saw 3 of its levels.

Inventory:

Hand Weapons
 a - a +0 spear (weapon)
Missiles
 e - 5 tomahawks of dispersal (quivered)
Armour
 b - a +0 leather armour (worn)
Scrolls
 d - a scroll of blinking
 g - a scroll of remove curse {unknown}
Books
 c - a book of Spatial Translocations

   Spells                             Type                      Level
   a - Blink                          Translocation                2
   b - Shroud of Golubria             Charms/Translocation         2
   c - Lesser Beckoning               Translocation                3
   d - Gell's Gravitas                Translocation                3
   e - Teleport Other                 Translocation                3
   f - Passage of Golubria            Translocation                4
Comestibles
 f - a ration
 h - 2 chunks of flesh


   Skills:
 - Level 2.1 Fighting
 + Level 4.6 Polearms
 - Level 1.0 Throwing
 - Level 0.6 Armour
 - Level 2.6 Dodging
 - Level 2.0 Spellcasting
   Level 2.4 Translocations


You had 5 spell levels left.
You didn't know any spells.

Dungeon Overview and Level Annotations

Branches:
Dungeon (1/15)

Altars:


Message History

Press: ? - help, Dir - move target cursor, f - hound
Aim: a hound You reach to attack!
You hit the hound.
The hound is lightly wounded.
Unknown command.
You closely miss the hound.
The hound is lightly wounded.
The hound closely misses you.
You hit the hound.
The hound is lightly wounded.
The hound barely misses you.
You closely miss the hound.
The hound is lightly wounded.
The hound bites you.
* * * LOW HITPOINT WARNING * * *
The hound barely misses you.
You hit the hound.
The hound is lightly wounded.
The hound bites you.
You die...

..# ..# #.#
.### $.# #.#
#.#.# #.#.##.#
..........#.#
#.#.#.#.##.#
........#.#
#.#.#.#.#.##@#
...........#h#
#.#.#.#.#.##.#
.....).....#.#
#$#.#<#.#.##รท#
............#
#.#.#.#.#.#.##
............#
#.#.#.#.#.#.#


You could see a hound.

Vanquished Creatures
  An adder (D:4)
  An orc (D:4)
  2 giant cockroaches
  A hobgoblin (D:1)
  A frilled lizard (D:1)
  A rat (D:1)
7 creatures vanquished.

Notes
Turn   | Place    | Note
-------+----------+-------------------------------------------
     0 | D:1      | mopl the Merfolk Warper began the quest for the Orb.
     0 | D:1      | Reached XP level 1. HP: 16/16 MP: 3/3
    80 | D:1      | You fall through a shaft!
   101 | D:2      | You fall through a shaft for 2 floors!
   121 | D:4      | Reached skill level 4 in Polearms
   121 | D:4      | Reached XP level 2. HP: 8/22 MP: 5/5
   144 | D:4      | Slain by a hound

Vault maps used:
D:1:      shiori_arrival_elements
D:2:      uniq_natasha
D:4:      nicolae_overflow_hidden_temple, nemelex_xobeh_ov_fountains_minmay,
          st_stairs_11

Skill      XL: |  1 |
---------------+----+-----
Polearms       | 4 |  4.6
Fighting       | |  2.1
Throwing       | |  1.0
Armour         | |  0.6
Dodging        | |  2.6
Spellcasting   | |  2.0
Translocations | |  2.4

Action                   || total
-------------------------++-------
Melee: Spear             ||    40
Armor: Leather armour    ||     7
Dodge: Dodged            ||    21

Table legend:
 A = Spawn XP
 B = Non-spawn XP
 C = Spawn XP percentage of total XP
 D = Spawn monster count
 E = Non-spawn monster count
 F = Spawn count percentage of total count
 G = Total turns spent on level
                    A         B        C        D         E        F      G
               +---------+---------+-------+---------+---------+-------+---------
         Total |       0 |      24 |   0.0 |       0 |       7 |   0.0 |   144
               +---------+---------+-------+---------+---------+-------+---------
           D:1 |       0 |       6 |   0.0 |       0 |       4 |   0.0 |    80
           D:2 |       0 |       2 |   0.0 |       0 |       1 |   0.0 |    21
           D:4 |       0 |      16 |   0.0 |       0 |       2 |   0.0 |    43
               +---------+---------+-------+---------+---------+-------+---------
